 Dungeon Crawl Stone Soup version 0.28-a0-1184-g53156a8862 (webtiles) character file.

Game seed: 8708649063008190544

7 ytrimaz the Insei (level 2, 0/18 HPs)
             Began as an Octopode Transmuter on Dec 18, 2021.
             Slain by a goblin (4 damage)
             ... on level 1 of the Dungeon.
             The game lasted 00:00:26 (398 turns).

ytrimaz the Insei (Octopode Transmuter)              Turns: 398, Time: 00:00:26

Health: 0/18       AC:  1    Str:  9    XL:     2   Next: 0%
Magic:  2/5        EV: 13    Int: 15    God:
Gold:   12         SH:  0    Dex: 12    Spells: 4/5 levels left

rFire   . . .      SeeInvis .     - Unarmed
rCold   . . .      Faith    .   (no shield)
rNeg    . . .      Spirit   .   (helmet currently unavailable)
rPois   .          Reflect  .   (no amulet)
rElec   .          Harm     .   (no ring)
rCorr   .          Rampage  .   (no ring)
Will    .....                   (no ring)
Stlth   ++........              (no ring)
HPRegen 0.06/turn               (no ring)
MPRegen 0.09/turn               (no ring)
                                (no ring)
                                (no ring)

@: about to teleport, appendages (expiring)
A: tentacle spike 3, almost no armour, amphibious, 8 rings, camouflage 1,
gelatinous body 1, (nimble swimmer 1), tentacles
a: End Transformation


You were on level 1 of the Dungeon.
One of your tentacles had grown a beastly spike.
You visited 1 branch of the dungeon, and saw 1 of its levels.

You collected 12 gold pieces.

Inventory:

Jewellery
 a - a +6 ring of strength


   Skills:
 * Level 1.1 Fighting
 - Level 2.0 Dodging
 + Level 3.1 Unarmed Combat
 * Level 2.1 Spellcasting
 * Level 2.1 Transmutations


You had 4 spell levels left.
You knew the following spells:

 Your Spells              Type           Power      Damage    Failure   Level
a - Beastly Appendage     Tmut           16%        N/A       9%          1

Your spell library contained the following spells:

 Spells                   Type           Power      Damage    Failure   Level
 Wereblood                Tmut           8%         N/A       14%         2
 Spider Form              Tmut/Pois      4%         N/A       38%         3
 Ice Form                 Ice/Tmut       4%         N/A       80%         4


Dungeon Overview and Level Annotations

Branches:
Dungeon (1/15)

Altars:


Innate Abilities, Weirdness & Mutations

One of your tentacles has grown a beastly spike.
You cannot wear most types of armour.
You are amphibious.
You can wear up to eight rings at the same time.
Your skin changes colour to match your surroundings (Stealth+).
Your rubbery body absorbs attacks. (AC +1, EV +1)
((You are camouflaged near water. (Stealth+)))
You have tentacles for arms and can constrict up to eight enemies at once.


Message History

A bat comes into view.
A quokka comes into view.
The endoplasm freezes you.
You are frozen.
The goblin barely misses you.
You have reached level 2!
The bat hits you. x2; The endoplasm hits you.
Your magical contamination has completely faded away.
A hobgoblin comes into view.
The bat closely misses you.
A bat, a jackal and a dart slug come into view.
Found 17 bolts, an amethyst potion and a pair of gloves.
The jackal barks!
The bat closely misses you. x2
You closely miss the bat. Your grab misses the bat.
You pierce the bat, but do no damage.
The bat barely misses you. The bat misses you. The bat hits you.
* * * LOW HITPOINT WARNING * * *
A kobold comes into view.
It is wielding a +2 short sword of electrocution.
The bat barely misses you. The bat hits you.
* * * LOW HITPOINT WARNING * * *
The bat hits you.
* * * LOW HITPOINT WARNING * * *
The quokka bites you but does no damage.
The goblin closely misses you.
Unknown command.
Unknown command.
The bat barely misses you. The bat closely misses you.
The bat hits you but does no damage. The dart slug launches a dart at you.
The slug dart misses you.
The slug dart hits the bat.
The bat dies!
Your transformation is almost over.
The bat closely misses you.
The jackal stops to sniff the ground.
You aren't carrying any potions.
As you read the scroll labelled BUPLAKHL XIVEVI, it crumbles to dust.
You feel strangely unstable.
It was a scroll of teleportation.
The bat hits you but does no damage.
Unknown command.
The goblin hits you with a +0 club.
You die...

#.# ####..†..#
#.###.###....J...#
#.......#..###.#.##
#####.#.#..#.......
#........#.#.###
###.#.#..###.#.###
....###.........?
###......###.#.##
#.###@.......# #
#.#(#.g.##.##...#
#.##$J..#..#
#...#.#rg.....#
##..##K##.).##.#
.......#w#...#
.##.... #.###.# #
#.... #h. #.. #.###
... ..#


You could see an endoplasm, a quokka, a hobgoblin and a goblin.

Vanquished Creatures
  A ball python (D:1)
  An endoplasm (D:1)
  A goblin (D:1)
  A kobold (D:1)
  A bat (D:1)
  A frilled lizard (D:1)
6 creatures vanquished.

Vanquished Creatures (others)
  A bat (D:1)
1 creature vanquished.

Grand Total: 7 creatures vanquished

Notes
Turn   | Place    | Note
-------+----------+-------------------------------------------
     0 | D:1      | ytrimaz the Octopode Transmuter began the quest for the
                  | Orb.
     0 | D:1      | Reached XP level 1. HP: 13/13 MP: 3/3
   388 | D:1      | Reached XP level 2. HP: 10/18 MP: 1/5
   398 | D:1      | Slain by a goblin

Illustrated notes

Levels and vault maps discovered:
D:1:      dpeg_arrival_ratfight, layout_loops_corners,
          shapermc_ecumenical_altar_mp_vishouse, minmay_vboxes

Action                   || total
-------------------------++-------
Melee: Unarmed           ||    11
       Constrict         ||     2
       Kick              ||     2
 Cast: Beastly Appendage ||     4
  Use: Scroll            ||     1
 Stab: Sleeping          ||     3
Armor: Skin              ||     5
Dodge: Dodged            ||    16

Table legend: (Time is in decaauts)
 A = Elapsed time spent in this place.
 B = Non-inter-level travel time spent in this place.
 C = Inter-level travel time spent in this place.
 D = Time resting spent in this place.
 E = Time spent auto-exploring this place.
 F = Levels seen in this place.
 G = Mean time per level.
                   A        B        C        D        E       F      G
               +--------+--------+--------+--------+--------+-----+--------+
         Total |    397 |    397 |      0 |      2 |    332 |   1 |  397.0 |
       Dungeon |    397 |    397 |      0 |      2 |    332 |   1 |  397.0 |
               +--------+--------+--------+--------+--------+-----+--------+

Top non-repeatable levels by time:
     D:1: 397 daAuts
